 Dungeon Crawl Stone Soup version 0.22.1-2-g9c5b331 (webtiles) character file.

46438 Folque the Geomancer (level 14, -5/110 HPs)
             Began as a Grey Draconian Earth Elementalist on Nov 12, 2018.
             Was a High Priest of Sif Muna.
             Slain by a merfolk impaler
             ... wielding a +0 trident
              (13 damage)
             ... on level 1 of the Shoals.
             The game lasted 01:58:55 (27549 turns).

Folque the Geomancer (DrEE)                        Turns: 27549, Time: 01:58:55

Health: -5/110     AC: 15    Str: 12    XL:     14   Next: 4%
Magic:  10/30      EV: 14    Int: 26    God:    Sif Muna [*****.]
Gold:   1287       SH:  0    Dex: 11    Spells: 6/37 levels left

rFire    . . .     SeeInvis .   a - +3 quarterstaff of Ixzum {flame, Int+6}
rCold    . . .     Gourm    +   (shield currently unavailable)
rNeg     . . .     Faith    .   (armour unavailable)
rPois    .         Spirit   .   Y - +1 hat
rElec    .         Reflect  .   (no cloak)
rCorr    .         Harm     .   j - +0 pair of gloves
MR       +....                  (no boots)
Stlth    ++........             y - amulet of the gourmand
HPRegen  0.28/turn              W - ring of wizardry
MPRegen  0.22/turn              d - ring of wizardry

@: lethally poisoned (-5 -> -6), very slightly contaminated, divine energy, very
slow
A: walk through water, unfitting armour, unbreathing, cold-blooded, AC +13
a: Stop Divine Energy, Channel Magic, Forget Spell, Renounce Religion


You were on level 1 of the Shoals.
You worshipped Sif Muna.
Sif Muna was extremely pleased with you.
You were very full.

You visited 4 branches of the dungeon, and saw 19 of its levels.
You also visited: Labyrinth, Sewer and Bailey.

You collected 1287 gold pieces.

Inventory:

Hand Weapons
 a - the +3 quarterstaff of Ixzum (weapon) {flame, Int+6}
   (You found it on level 10 of the Dungeon)

   It has been specially enchanted to burn those struck by it, causing extra
   injury to most foes and up to half again as much damage against particularly
   susceptible opponents.
   It affects your intelligence (+6).
 M - a +2 war axe of electrocution
 N - a +0 blowgun
 T - the +6 arbalest "Damnation" {damnation}
   (You took it off a minotaur in a labyrinth)
Missiles
 b - 412 stones (quivered)
 O - 73 poisoned needles
Armour
 f - a +2 pair of gloves of dexterity
 j - a +0 pair of gloves (worn)
 Y - a +1 hat (worn)
Magical Staves
 F - an uncursed staff of energy
Jewellery
 d - a ring of wizardry (right hand)
 m - an uncursed ring of protection from cold
 r - an uncursed ring of positive energy {unknown}
 y - an amulet of the gourmand (around neck)
 D - an uncursed ring of protection from magic
 H - a +3 ring of evasion
 W - a ring of wizardry (left hand)
Wands
 w - a wand of random effects (76)
 z - a wand of flame (102)
 G - a wand of disintegration (8)
 X - a wand of paralysis (38)
 Z - a wand of enslavement (13)
Scrolls
 e - 7 scrolls of teleportation
 g - 3 scrolls of blinking
 h - 2 scrolls of fear {unknown}
 i - a scroll of identify
 o - 2 scrolls of enchant armour {unknown}
 p - 7 scrolls of fog
 s - 5 scrolls of noise {unknown}
 v - 2 scrolls of enchant weapon {unknown}
 x - 5 scrolls of remove curse
 J - a scroll of brand weapon {unknown}
 Q - 3 scrolls of acquirement {unknown}
 U - a scroll of magic mapping
 V - a scroll of torment {unknown}
Potions
 k - 2 potions of cancellation {unknown}
 l - a potion of haste
 q - a potion of curing
 t - 6 potions of flight
 B - 5 potions of ambrosia
 I - 2 potions of magic {unknown}
 K - 2 potions of lignification {unknown}
 L - a potion of mutation {unknown}
 P - 4 potions of resistance {unknown}
 R - a potion of might {unknown}
 S - 3 potions of invisibility {unknown}
Miscellaneous
 n - a phial of floods
 E - a fan of gales
Comestibles
 c - 37 rations
 u - 9 chunks of flesh


   Skills:
 - Level 6.0 Fighting
 - Level 2.6 Throwing
 + Level 4.5 Dodging
 - Level 1.7 Stealth
 * Level 12.4 Spellcasting
 - Level 9.1 Conjurations
 - Level 2.0 Summonings
 - Level 3.3 Translocations
 - Level 5.3 Transmutations
 - Level 6.0 Fire Magic
 - Level 13.2 Earth Magic
 - Level 8.0 Invocations
 * Level 5.8 Evocations


You had 6 spell levels left.
You knew the following spells:

 Your Spells              Type           Power        Failure   Level  Hunger
a - Sandblast             Erth           ######       0%          1    None
b - Passwall              Tmut/Erth      ######..     1%          2    None
c - Stone Arrow           Conj/Erth      ######       1%          3    None
d - Lee's Rapid Deconstr  Erth           ######....   1%          5    ###....
e - Petrify               Tmut/Erth      ######..     1%          4    None
f - Force Lance           Conj/Tloc      #####...     1%          4    None
g - Summon Butterflies    Summ           ####....     1%          1    None
h - Bolt of Magma         Conj/Fire/Erth ######....   1%          5    ###....
i - Iron Shot             Conj/Erth      ######....   1%          6    #####..

Your spell library contained the following spells:

 Spells                   Type           Power        Failure   Level  Hunger
 Animate Skeleton         Necr           N/A          1%          1    None
 Apportation              Tloc           ####..       1%          1    None
 Confusing Touch          Hex            ###...       1%          1    None
 Flame Tongue             Conj/Fire      #####        1%          1    None
 Magic Dart               Conj           ####         1%          1    None
 Shock                    Conj/Air       ####         1%          1    None
 Sting                    Conj/Pois      ####         1%          1    None
 Summon Small Mammal      Summ           ####         1%          1    None
 Searing Ray              Conj           ######       1%          2    None
 Dazzling Spray           Conj/Hex       #####.       1%          3    None
 Lesser Beckoning         Tloc           ####......   1%          3    None
 Static Discharge         Conj/Air       #####...     1%          3    None
 Fulminant Prism          Conj/Hex       #####.....   1%          4    None
 Iskenderun's Mystic Bla  Conj           ######..     1%          4    None
 Leda's Liquefaction      Hex/Erth       ######....   1%          4    None
 Fireball                 Conj/Fire      ######....   1%          5    ###....
 Irradiate                Conj/Tmut      ######....   1%          5    ###....
 Tukima's Dance           Hex            ###.....     3%          3    None
 Statue Form              Tmut/Erth      ######...    3%          6    #####..
 Lightning Bolt           Conj/Air       #####.....   4%          5    ###....
 Venom Bolt               Conj/Pois      #####.....   4%          5    ###....
 Alistair's Intoxication  Tmut/Pois      ####....     9%          5    ###....
 Hydra Form               Tmut           #####.....   16%         6    #####..
 Conjure Ball Lightning   Conj/Air       #####.....   22%         6    #####..
 Deflect Missiles         Chrm/Air       ###.......   77%         6    #####..
 Invisibility             Hex            ###.....     77%         6    #####..
 Orb of Destruction       Conj           ######....   19%         7    ######.
 Dragon Form              Tmut           #####.....   61%         7    ######.
 Shatter                  Erth           ######....   97%         9    #######
 Chain Lightning          Conj/Air       #####.....   100%        8    #######
 Tornado                  Air            ###.......   100%        9    #######


Dungeon Overview and Level Annotations

Branches:
Dungeon (11/15)            Temple (1/1) D:4            Lair (6/6) D:10
 Shoals (1/4) Lair:4       Spider (0/4) Lair:2        Slime (0/5) Lair:5
    Orc: D:9-12

Altars:
Ashenzari
Cheibriados
Dithmenos
Elyvilon
Fedhas
Gozag
Hepliaklqana
Kikubaaqudgha
Makhleb
Nemelex Xobeh
Okawaru
Qazlal
Ru
Sif Muna
Trog
Uskayaw
Vehumet
Wu Jian
Xom
Yredelemnul
Zin
The Shining One
Jiyva

Shops:
D:5 [   D:6 %

Annotations:
D:8 3 runed doors, Lovchig's ghost, novice DDFi


Innate Abilities, Weirdness & Mutations

You can walk through water.
Your dull iron-grey scales are very hard. (AC +13)
You cannot fit into any form of body armour.
You can survive without breathing.
You are cold-blooded and may be slowed by cold attacks.


Message History

Aiming: Force Lance (safe; 1% risk of failure)
Press: ? - help, Shift-Dir - straight line, f/p - sea snake
Aim: a sea snake (water, severely wounded)
The lance of force hits the sea snake.
The sea snake is almost dead.
The sea snake is knocked back by the lance of force.
The sea snake collides with the merfolk impaler!
You feel sick.
The merfolk impaler hits you from afar with a trident!
* * * LOW HITPOINT WARNING * * *
Casting: Force Lance (safe; 1% risk of failure)
Confirm with . or Enter, or press ? or * to list all spells.
Aiming: Force Lance (safe; 1% risk of failure)
Press: ? - help, Shift-Dir - straight line, f/p - sea snake
Aim: a sea snake (water, almost dead)
The lance of force hits the sea snake.
You kill the sea snake!
Sif Muna accepts your kill.
The merfolk impaler hits you from afar with a trident!
You die...

...≈≈≈.....≈≈≈≈≈≈≈≈≈≈≈...#...# ##
≈..≈≈≈.....÷≈≈≈≈≈≈≈≈≈≈..[....# .
≈≈≈≈≈≈....≈≈≈≈≈≈≈≈≈≈≈≈.....≈.....
.≈...≈....≈≈≈≈≈≈≈≈≈≈≈≈≈...≈≈≈≈≈≈.
...##....≈≈≈≈≈≈≈≈≈≈≈≈≈≈≈.≈≈≈≈≈≈≈.
...##...≈≈≈≈≈≈≈≈≈≈≈≈≈≈≈≈≈≈.≈≈≈...
......H.§≈≈≈≈≈≈≈≈≈≈≈≈≈≈≈≈≈.≈≈≈...
≈≈...§§§§§§≈≈≈≈≈≈≈≈≈≈≈≈≈≈≈≈≈≈≈≈≈≈
≈≈...§§§§§≈≈H≈m†@≈≈≈≈≈≈≈≈≈≈≈≈≈≈≈≈
≈≈≈..§§§§§≈§≈≈≈≈≈≈≈≈≈≈≈≈
≈≈≈≈.§§§§≈≈≈≈≈≈≈≈≈≈≈≈≈≈≈
≈≈≈≈≈§§§§≈≈≈≈≈≈≈≈≈≈≈≈≈≈≈
≈≈≈≈§≈§§≈≈≈≈≈≈≈≈≈≈≈≈≈≈≈≈
≈≈≈≈§≈§≈≈≈≈≈≈≈≈≈≈≈≈≈≈≈≈≈
≈≈≈≈≈≈≈≈≈≈≈≈≈≈≈≈≈≈≈≈≈≈≈≈
≈≈≈≈≈≈≈≈≈≈≈≈≈≈≈≈≈≈≈≈≈≈≈≈
≈≈≈≈≈≈≈≈≈≈≈≈≈≈≈


You could see a merfolk impaler and a hippogriff.

Vanquished Creatures
  Gastronok (D:9)
  A minotaur (Lab)
  Snorg (Lair:4)
  A hydra (Lair:6)
  A two-headed ogre (D:10)
  A queen ant (Lair:2)
  Sonja (Lair:4)
  A sea snake (Shoals:1)
  A lindwurm (Lair:6)
  4 orc knights (D:7)
  2 wolf spiders (Lair:2)
  2 oklob plants (Lair:6)
  An orc sorcerer (D:7)
  2 black mambas
  5 elephants
  2 merfolk sirens (Shoals:1)
  22 spiny frogs
  2 komodo dragons
  A merfolk (Shoals:1)
  A jumping spider (Lair:2)
  5 tyrant leeches (Lair:6)
  A wind drake (Shoals:1)
  A hornet (D:8)
  14 blink frogs
  14 hippogriffs
  17 dream sheep
  A wyvern (D:10)
  Eustachio (D:6)
  Grum (Lair:1)
  3 basilisks
  4 hogs (D:9)
  A human (D:9)
  2 hungry ghosts
  9 yaks
  6 vampire mosquitoes (Lair:6)
  Edmund (D:6)
  14 wargs
  10 soldier ants (Lair:2)
  6 water moccasins
  7 porcupines
  2 black bears (D:8)
  Duvessa (D:5)
  Purgy (Sewer)
  2 phantoms
  2 ice beasts
  2 sky beasts
  A necrophage (D:8)
  10 orc warriors
  3 centaurs
  3 ogres
  9 wolves (Lair:1)
  6 crocodiles
  2 big kobolds
  Blork the orc (D:6)
  21 bullfrogs
  2 scorpions
  Dowan (D:5)
  4 killer bees (D:9)
  5 wights (D:10)
  3 electric eels (Lair:3)
  4 vampire bats (Lair:6)
  A howler monkey (D:5)
  3 bullfrog zombies
  A centaur zombie (D:7)
  5 crimson imps
  5 hounds
  12 orc priests
  2 jellies (D:7)
  A quasit (D:7)
  13 orc wizards
  A bullfrog skeleton (D:8)
  Jessica (D:3)
  3 iguanas
  Natasha (thrice) (D:2)
  24 worker ants
  A killer bee zombie (D:10)
  A worker ant zombie (D:10)
  A howler monkey zombie (D:5)
  10 adders
  A gnoll (D:1)
  A shadow imp (D:8)
  3 oozes
  An adder zombie (D:6)
  3 adder skeletons
  2 worms
  3 dart slugs
  9 leopard geckos
  111 orcs
  7 giant cockroaches
  9 goblins
  5 hobgoblins
  4 jackals (D:4)
  3 quokkas
  5 ball pythons
  10 bats
  11 frilled lizards
  2 jackal skeletons
  A jackal zombie (D:6)
  12 kobolds
  A leopard gecko skeleton (D:4)
  A quokka skeleton (D:4)
  7 rats
  2 bushes (D:8)
  A fungus (Lair:6)
  A plant (Lair:6)
560 creatures vanquished.

Vanquished Creatures (others)
  14 fungi
  54 plants
68 creatures vanquished.

Grand Total: 628 creatures vanquished

Notes
Turn   | Place    | Note
-------+----------+-------------------------------------------
     0 | D:1      | Folque the Draconian Earth Elementalist began the quest for
                  | the Orb.
     0 | D:1      | Reached XP level 1. HP: 14/14 MP: 3/3
    70 | D:1      | Reached XP level 2. HP: 18/20 MP: 1/5
   776 | D:1      | Reached XP level 3. HP: 26/26 MP: 4/6
   796 | D:1      | Learned a level 2 spell: Passwall
   800 | D:1      | Learned a level 3 spell: Stone Arrow
   810 | D:2      | Reached skill level 4 in Earth Magic
   936 | D:2      | Noticed Natasha
   944 | D:2      | Killed Natasha
   944 | D:2      | Reached skill level 1 in Conjurations
   944 | D:2      | Reached XP level 4. HP: 33/33 MP: 2/8
  1315 | D:2      | Noticed Natasha
  1327 | D:2      | Killed Natasha
  1327 | D:2      | Reached XP level 5. HP: 30/38 MP: 0/10
  1548 | D:2      | Noticed Natasha
  1561 | D:2      | Killed Natasha
  1568 | D:2      | Learned a level 5 spell: Lee's Rapid Deconstruction
  1685 | D:3      | Noticed an ice beast
  1827 | D:3      | Killed an ice beast
  1827 | D:3      | Reached skill level 5 in Earth Magic
  1827 | D:3      | Reached XP level 6. HP: 45/45 MP: 3/12
  2091 | D:3      | Noticed Jessica
  2096 | D:3      | Killed Jessica
  2586 | D:4      | Found a snail-covered altar of Cheibriados.
  2620 | D:4      | Noticed a sky beast
  2635 | D:4      | Killed a sky beast
  2791 | D:4      | Found a stormy altar of Qazlal.
  2899 | D:4      | Found a staircase to the Ecumenical Temple.
  2916 | Temple   | Entered the Ecumenical Temple
  3124 | D:4      | Reached skill level 6 in Earth Magic
  3124 | D:4      | Your scales start taking on a dull iron-grey colour.
  3124 | D:4      | Reached skill level 7 in Earth Magic
  3124 | D:4      | Reached XP level 7. HP: 50/50 MP: 6/13
  3124 | D:4      | Gained mutation: You can survive without breathing. [Grey
                  | Draconian growth]
  3179 | Temple   | Became a worshipper of Sif Muna the Loreminder
  3662 | D:5      | Entered Level 5 of the Dungeon
  3672 | D:5      | Found a faded altar of an unknown god.
  3672 | D:5      | Found a shattered altar of Ashenzari.
  3679 | D:5      | Found an iron altar of Okawaru.
  3681 | D:5      | Found a faded altar of an unknown god.
  3683 | D:5      | Found an ancient bone altar of Kikubaaqudgha.
  3779 | D:5      | Noticed Duvessa
  3780 | D:5      | Noticed Dowan
  3783 | D:5      | Killed Duvessa
  3787 | D:5      | Killed Dowan
  3787 | D:5      | Reached skill level 8 in Earth Magic
  3796 | D:5      | Learned a level 4 spell: Petrify
  3963 | D:5      | Reached skill level 5 in Spellcasting
  4230 | D:5      | Reached XP level 8. HP: 57/57 MP: 3/15
  4329 | D:5      | Found Wigimp's Armour Shoppe.
  4622 | D:5      | Reached * piety under Sif Muna
  4792 | D:6      | Noticed Eustachio
  4799 | D:6      | Killed Eustachio
  4867 | D:6      | Noticed Edmund
  4880 | D:6      | Killed Edmund
  4880 | D:6      | Reached skill level 9 in Earth Magic
  4957 | D:6      | Found a glowing drain.
  4977 | Sewer    | Entered a sewer
  5048 | Sewer    | Noticed Purgy
  5054 | Sewer    | Killed Purgy
  5319 | D:6      | Found Jeh Woi's Food Shop.
  5373 | D:6      | Reached skill level 5 in Conjurations
  5669 | D:6      | Noticed Blork the orc
  5679 | D:6      | Killed Blork the orc
  5729 | D:6      | Reached ** piety under Sif Muna
  5729 | D:6      | Reached skill level 10 in Earth Magic
  5838 | D:7      | Reached XP level 9. HP: 51/62 MP: 7/16
  5912 | D:7      | Reached skill level 1 in Throwing
  6094 | D:7      | Found a flagged portal.
  6099 | Bailey   | Entered a bailey
  6574 | Bailey   | Noticed an orc knight
  6574 | Bailey   | Noticed an orc knight
  6587 | Bailey   | Reached skill level 1 in Invocations
  6915 | D:7      | Reached skill level 1 in Fighting
  7047 | D:7      | Reached *** piety under Sif Muna
  7418 | D:7      | Noticed an orc knight
  7421 | D:7      | Noticed an orc sorcerer
  7717 | D:7      | Found a sacrificial altar of Ru.
  7765 | D:7      | Killed an orc knight
  7765 | D:7      | Reached skill level 5 in Invocations
  7765 | D:7      | Reached XP level 10. HP: 76/77 MP: 1/17
  7905 | D:7      | Killed an orc sorcerer
  7914 | D:7      | Noticed an orc knight
  8101 | D:7      | Noticed an orc knight
  8125 | D:7      | Killed an orc knight
  8523 | D:7      | Noticed an orc knight
  8685 | D:7      | HP: 3/80 [warg (11)]
  9350 | D:7      | Reached skill level 5 in Fighting
  9721 | D:8      | Found a bloodstained altar of Trog.
  9908 | D:8      | Reached **** piety under Sif Muna
 10211 | D:8      | Found a runed gate.
 10211 | D:8      | Found a runed gate.
 10220 | D:8      | Found a runed gate.
 10226 | D:8      | Noticed Lovchig's ghost (novice DDFi)
 11349 | D:9      | Reached skill level 11 in Earth Magic
 11349 | D:9      | Reached XP level 11. HP: 89/89 MP: 12/19
 11853 | D:9      | Noticed Gastronok
 11865 | D:9      | Killed Gastronok
 12297 | D:9      | Found a blossoming altar of Fedhas.
 12421 | D:10     | Entered Level 10 of the Dungeon
 12765 | D:10     | Got an ancient quarterstaff
 12773 | D:10     | Reached skill level 12 in Earth Magic
 12942 | D:10     | Reached skill level 1 in Evocations
 13357 | D:10     | Found a staircase to the Lair.
 13591 | D:10     | Noticed a two-headed ogre
 13684 | D:10     | Killed a two-headed ogre
 14194 | D:7      | Identified the cursed +3 quarterstaff of Ixzum {flame,
                  | Int+6} (You found it on level 10 of the Dungeon)
 14541 | D:7      | Killed an orc knight
 14750 | D:7      | Learned a level 4 spell: Force Lance
 14752 | D:7      | Learned a level 1 spell: Summon Butterflies
 14863 | D:7      | Killed an orc knight
 14863 | D:7      | Reached ***** piety under Sif Muna
 14863 | D:7      | Reached skill level 1 in Translocations
 15426 | Lair:1   | Entered Level 1 of the Lair of Beasts
 15568 | Lair:1   | Reached skill level 1 in Summonings
 15722 | Lair:1   | Noticed Grum
 15733 | Lair:1   | Received a gift from Sif Muna
 16010 | Lair:1   | Killed Grum
 16429 | Lair:1   | Got a slimy brass ring
 16923 | Lair:2   | Reached XP level 12. HP: 89/96 MP: 14/22
 16933 | Lair:2   | Learned a level 5 spell: Bolt of Magma
 17380 | Lair:2   | Found a hole to the Spider Nest.
 17390 | Lair:2   | Reached skill level 1 in Fire Magic
 18109 | Lair:2   | Noticed a queen ant
 18142 | Lair:2   | Killed a queen ant
 18785 | Lair:3   | Reached skill level 13 in Earth Magic
 20110 | Lair:4   | Noticed Sonja
 20439 | Lair:4   | Reached skill level 5 in Fire Magic
 20488 | Lair:4   | Killed Sonja
 20488 | Lair:4   | Identified Ycumiabbam's Disquisition on Feathers (Sif Muna
                  | gifted it to you on level 4 of the Lair of Beasts)
 20488 | Lair:4   | Received a gift from Sif Muna
 20596 | Lair:4   | Noticed Snorg
 20924 | Lair:4   | Killed Snorg
 21284 | Lair:4   | Found a staircase to the Shoals.
 22687 | Lair:5   | Found a viscous altar of Jiyva.
 22688 | Lair:5   | Found a staircase to the Slime Pits.
 22734 | Lair:5   | Reached skill level 10 in Spellcasting
 23043 | Lair:5   | Reached XP level 13. HP: 102/102 MP: 1/27
 23054 | Lair:5   | Learned a level 6 spell: Iron Shot
 23613 | Lair:6   | Entered Level 6 of the Lair of Beasts
 23751 | Lair:6   | Reached skill level 5 in Transmutations
 23950 | Lair:6   | Found a labyrinth entrance.
 24008 | Lab      | Entered a labyrinth
 24644 | Lab      | Noticed a minotaur
 24662 | Lab      | Killed a minotaur
 24662 | Lab      | Identified Sif Muna's Papyrus of Arcane Weapons (Sif Muna
                  | gifted it to you in a labyrinth)
 24662 | Lab      | Received a gift from Sif Muna
 25078 | Lair:6   | Reached skill level 5 in Evocations
 26734 | Lair:6   | Identified the ring of Bomumav {*Contam Dex+4 Stlth+} (You
                  | found it on level 1 of the Lair of Beasts)
 27343 | Shoals:1 | Entered Level 1 of the Shoals
 27347 | Shoals:1 | Reached XP level 14. HP: 110/110 MP: 19/30
 27549 | Shoals:1 | Slain by a merfolk impaler

Skill      XL: |  1  2  3  4  5  6  7  8  9 10 11 12 13 |
---------------+----------------------------------------+-----
Earth Magic    | 4 5 7 8 10 11 12 13 | 13.2
Conjurations   | 1 2 3 5 7 8 9 |  9.1
Spellcasting   | 3 4 5 7 10 12 | 12.4
Transmutations | 3 4 5 |  5.3
Throwing       | 2 |  2.6
Invocations    | 5 8 |  8.0
Fighting       | 3 6 |  6.0
Dodging        | 2 4 |  4.5
Evocations     | 2 3 5 |  5.8
Translocations | 3 |  3.3
Summonings     | 2 |  2.0
Fire Magic     | 6 |  6.0
Stealth        | |  1.7

Action                   |  1- 3 |  4- 6 |  7- 9 | 10-12 | 13-15 || total
-------------------------+-------+-------+-------+-------+-------++-------
Melee: Hand axe          |    42 |   105 |    86 |       |       ||   233
       Unarmed           |     9 |       |       |       |       ||     9
       Tailslap          |     1 |     7 |    18 |    38 |     7 ||    71
       Flail             |       |       |    55 |       |       ||    55
       War axe           |       |       |    50 |   170 |       ||   220
       Quarterstaff      |       |       |       |   119 |    65 ||   184
 Fire: Blowgun           |       |       |       |     4 |       ||     4
Throw: Stone             |       |       |       |     1 |       ||     1
 Cast: Sandblast         |     7 |    20 |    16 |    60 |    11 ||   114
       Stone Arrow       |     2 |    10 |    46 |   167 |    59 ||   284
       Lee's Rapid Decon |       |     3 |    36 |   100 |    20 ||   159
       Petrify           |       |       |    13 |    67 |    11 ||    91
       Passwall          |       |       |     1 |     3 |    10 ||    14
       Force Lance       |       |       |       |    25 |    24 ||    49
       Bolt of Magma     |       |       |       |    16 |     8 ||    24
       Iron Shot         |       |       |       |       |    58 ||    58
Invok: Divine Energy     |       |       |     2 |       |       ||     2
       Stop Divine Energ |       |       |     1 |       |       ||     1
       Channel Magic     |       |       |       |     3 |     4 ||     7
Evoke: Wand              |       |       |     7 |     4 |     3 ||    14
  Use: Scroll            |     1 |     6 |     9 |    15 |     4 ||    35
       Potion            |       |       |     2 |     7 |     5 ||    14
 Stab: Sleeping          |     3 |       |     2 |     1 |       ||     6
       Petrified         |       |       |    26 |    49 |     4 ||    79
       Petrifying        |       |       |     3 |       |       ||     3
  Eat: Chunk             |       |    10 |    31 |    91 |    31 ||   163
       Ration            |       |       |       |     3 |       ||     3
Armor: Skin              |    24 |    38 |    81 |   169 |    71 ||   383
Dodge: Dodged            |    47 |    68 |   132 |   273 |   116 ||   636
